 Dungeon Crawl Stone Soup version 0.29-a0-23-ga79f92ac9c (webtiles) character file.

Game seed: 14787984920744082061

103 arthad the Protected (level 4, 0/48 HPs)
             Began as a Gnoll Wanderer on Jan 31, 2022.
             Slain by an adder (4 damage)
             ... on level 3 of the Dungeon.
             The game lasted 00:04:20 (1918 turns).

arthad the Protected (Gnoll Wanderer)               Turns: 1918, Time: 00:04:21

Health: 0/48       AC: 22    Str: 15 (17) XL:     4   Next: 79%
Magic:  5/5        EV: -1    Int:  7 (8)  God:
Gold:   131        SH:  4    Dex:  8 (11) Spells: 5/5 levels left

rFire   . . .      SeeInvis .   a - +0 hand axe
rCold   . . .      Faith    .   c - +0 buckler
rNeg    . . .      Spirit   .   (armour currently unavailable)
rPois   +          Reflect  .   (helmet currently unavailable)
rElec   .          Harm     .   (cloak currently unavailable)
rCorr   .          Rampage  .   (gloves currently unavailable)
Will    .....      NoTele   +   (boots currently unavailable)
Stlth   +.........              (no amulet)
HPRegen 0.16/turn               (no ring)
MPRegen 0.09/turn               (no ring)

@: tree-form, attractive, constricted
A: stationary, stasis, torment immunity, boosted hp, (fangs 1), strong nose,
distributed training
a: no special abilities


You were on level 3 of the Dungeon.
You were a tree.
You visited 1 branch of the dungeon, and saw 3 of its levels.

You collected 131 gold pieces.

Inventory:

Hand Weapons
 a - a +0 hand axe (weapon)
Armour
 b - a +0 chain mail (melded)
 c - a +0 buckler (worn)
 l - a +0 scale mail
Scrolls
 f - a scroll of torment {unknown}
 g - a scroll of blinking
 i - a scroll of silence {unknown}
 j - a scroll of immolation {unknown}
 m - a scroll of summoning {unknown}


   Skills:
 + Level 1.2 Fighting
 + Level 1.2 Short Blades
 + Level 1.2 Long Blades
 + Level 8.6 Axes
 + Level 1.2 Maces & Flails
 + Level 1.2 Polearms
 + Level 1.2 Staves
 + Level 1.2 Slings
 + Level 1.2 Bows
 + Level 1.2 Crossbows
 + Level 1.2 Throwing
 + Level 8.6 Armour
 + Level 2.8 Dodging
 + Level 1.2 Stealth
 + Level 2.8 Shields
 + Level 1.2 Unarmed Combat
 + Level 1.2 Spellcasting
 + Level 1.0 Conjurations
 + Level 1.0 Hexes
 + Level 1.0 Summonings
 + Level 1.0 Necromancy
 + Level 1.0 Translocations
 + Level 1.0 Transmutations
 + Level 1.0 Fire Magic
 + Level 1.0 Ice Magic
 + Level 1.0 Air Magic
 + Level 1.0 Earth Magic
 + Level 1.0 Poison Magic
 + Level 1.3 Invocations
 + Level 1.2 Evocations


You had 5 spell levels left.
You didn't know any spells.
Your spell library contained the following spells:

 Spells                   Type           Power      Damage    Failure   Level
 Cause Fear               Hex            0%         N/A       98%         4
 Dragon Form              Tmut           0%         N/A       100%        7
 Dragon's Call            Summ           0%         N/A       100%        9


Dungeon Overview and Level Annotations

Branches:
Dungeon (3/15)

Altars:
Yredelemnul

Shops:
D:2 (

Annotations:
D:3 1 transporter


Innate Abilities, Weirdness & Mutations

You are a tree.
Your roots penetrate the ground, keeping you stationary.
You cannot be teleported.
You are immune to unholy pain and torment.
Your maximum health is greatly increased.
Your equipment is partially melded.
((You have very sharp teeth.))
Your uncanny sense of smell can sniff out nearby items.
Your experience applies equally to all skills.


Message History

The ball python bites you but does no damage.
The ball python constricts you.
The adder bites you but does no damage. x2
The orc hits you but does no damage.
Sorry, you're not good enough to have a special ability.
You don't know any spells.
You aren't carrying any potions.
Unknown command.
Unknown command.
You closely miss the orc.
The orc is moderately wounded.
You barely miss the ball python. You hit the adder. You hit the quokka.
You closely miss the adder. You block the quokka's attack.
The adder bites you but does no damage.
The ball python bites you but does no damage.
The ball python constricts you. The adder bites you but does no damage.
The orc hits you with a +0 war axe.
* * * LOW HITPOINT WARNING * * *
The ball python bites you but does no damage.
The ball python constricts you.
The quokka bites you but does no damage.
The adder completely misses you.
Unknown command.
You closely miss the adder.
The adder is almost dead.
You barely miss the orc. You closely miss the ball python.
You barely miss the adder. You hit the quokka.
You kill the quokka!
The adder bites you.
* * * LOW HITPOINT WARNING * * *
The adder bites you but does no damage. The orc hits you but does no damage.
The ball python bites you but does no damage.
The ball python constricts you.
Unknown command.
Unknown command.
You miss the adder.
The adder is almost dead.
You hit something but do no damage. You hit the adder.
You closely miss the ball python. You hit the orc.
The adder bites you but does no damage. The adder bites you.
You die...

#...# #.... ########...#
#.... #..........###....
#...........##...)
#.......P.P.##)).†
#........_..##...#
########.......P...##...#
.......oS..........##...#
.......S♣#########.######
.......S.# #..........
.......).# #..........
.........# #..<.......
.........# #..........
.........# #..........
.........# #..........
.........# #..........
.........# #..........


You could see 2 adders, an orc and a ball python.

Vanquished Creatures
  Terence (D:2)
  2 adders
  2 worms (D:3)
  3 dart slugs
  An orc (D:3)
  4 endoplasms
  5 goblins
  5 hobgoblins
  3 jackals (D:2)
  3 kobolds
  3 quokkas
  2 ball pythons
  4 bats
  3 frilled lizards
  4 rats
45 creatures vanquished.

Vanquished Creatures (others)
  A fungus (D:1)
  A plant (D:1)
  A withered plant (D:3)
3 creatures vanquished.

Grand Total: 48 creatures vanquished

Notes
Turn   | Place    | Note
-------+----------+-------------------------------------------
     0 | D:1      | arthad the Gnoll Wanderer began the quest for the Orb.
     0 | D:1      | arthad set off with the following items: a +0 hand axe, a
                  | +0 chain mail, a +0 buckler
     0 | D:1      | Reached XP level 1. HP: 13/13 MP: 1/1
   145 | D:1      | Reached XP level 2. HP: 17/19 MP: 2/2
   257 | D:1      | Found a faded altar of an unknown god.
   753 | D:2      | Reached XP level 3. HP: 11/25 MP: 3/3
   948 | D:2      | Found Azoa's Antique Weapon Shoppe.
   957 | D:2      | Reached skill level 1 in Invocations
  1085 | D:2      | Noticed Terence
  1116 | D:2      | Killed Terence
  1117 | D:2      | Reached skill level 1 in Fighting
  1117 | D:2      | Reached skill level 1 in Short Blades
  1117 | D:2      | Reached skill level 1 in Long Blades
  1117 | D:2      | Reached skill level 1 in Maces & Flails
  1117 | D:2      | Reached skill level 1 in Polearms
  1117 | D:2      | Reached skill level 1 in Staves
  1117 | D:2      | Reached skill level 1 in Slings
  1117 | D:2      | Reached skill level 1 in Bows
  1117 | D:2      | Reached skill level 1 in Crossbows
  1117 | D:2      | Reached skill level 1 in Throwing
  1117 | D:2      | Reached skill level 1 in Stealth
  1117 | D:2      | Reached skill level 1 in Unarmed Combat
  1117 | D:2      | Reached skill level 1 in Spellcasting
  1117 | D:2      | Reached skill level 1 in Evocations
  1117 | D:2      | Reached XP level 4. HP: 8/32 MP: 5/5
  1581 | D:3      | Reached skill level 1 in Conjurations
  1581 | D:3      | Reached skill level 1 in Hexes
  1581 | D:3      | Reached skill level 1 in Summonings
  1581 | D:3      | Reached skill level 1 in Necromancy
  1581 | D:3      | Reached skill level 1 in Translocations
  1581 | D:3      | Reached skill level 1 in Transmutations
  1581 | D:3      | Reached skill level 1 in Fire Magic
  1581 | D:3      | Reached skill level 1 in Ice Magic
  1581 | D:3      | Reached skill level 1 in Air Magic
  1581 | D:3      | Reached skill level 1 in Earth Magic
  1581 | D:3      | Reached skill level 1 in Poison Magic
  1838 | D:3      | Found a transporter.
  1887 | D:3      | Found a basalt altar of Yredelemnul.
  1918 | D:3      | Slain by an adder

Illustrated notes

Levels and vault maps discovered:
D:1:      tarquinn_simple_flora_water_e, layout_basic,
          shapermc_ecumenical_altar_gd
D:2:      layout_rooms, serial_glass, glass_columns_b, glass_columns_b,
          serial_shops, shop, grunt_ministairs_2, uniq_terence
D:3:      gammafunk_wand_slinger, layout_basic, yredelemnul_altar_generic

Skill      XL: |  1  2  3  4 |
---------------+-------------+-----
Invocations    | 1 |  1.3
Fighting       | 1 |  1.2
Short Blades   | 1 |  1.2
Long Blades    | 1 |  1.2
Maces & Flails | 1 |  1.2
Polearms       | 1 |  1.2
Staves         | 1 |  1.2
Slings         | 1 |  1.2
Bows           | 1 |  1.2
Crossbows      | 1 |  1.2
Throwing       | 1 |  1.2
Stealth        | 1 |  1.2
Unarmed Combat | 1 |  1.2
Spellcasting   | 1 |  1.2
Evocations     | 1 |  1.2
Conjurations   | 1 |  1.0
Hexes          | 1 |  1.0
Summonings     | 1 |  1.0
Necromancy     | 1 |  1.0
Translocations | 1 |  1.0
Transmutations | 1 |  1.0
Fire Magic     | 1 |  1.0
Ice Magic      | 1 |  1.0
Air Magic      | 1 |  1.0
Earth Magic    | 1 |  1.0
Poison Magic   | 1 |  1.0
Axes           | |  8.6
Armour         | |  8.6
Dodging        | |  2.8
Shields        | |  2.8

Action                   |  1- 3 |  4- 6 || total
-------------------------+-------+-------++-------
Melee: Hand axe          |   109 |    46 ||   155
       Bite              |     8 |     3 ||    11
  Use: Potion            |       |     3 ||     3
       Scroll            |       |     2 ||     2
Armor: Chain mail        |    73 |    20 ||    93
       Skin              |       |    42 ||    42
Dodge: Dodged            |    42 |     7 ||    49
Block: Buckler           |    17 |    12 ||    29

Table legend: (Time is in decaauts)
 A = Elapsed time spent in this place.
 B = Non-inter-level travel time spent in this place.
 C = Inter-level travel time spent in this place.
 D = Time resting spent in this place.
 E = Time spent auto-exploring this place.
 F = Levels seen in this place.
 G = Mean time per level.
                   A        B        C        D        E       F      G
               +--------+--------+--------+--------+--------+-----+--------+
         Total |   1905 |   1871 |     34 |    564 |   1027 |   3 |  635.0 |
       Dungeon |   1905 |   1871 |     34 |    564 |   1027 |   3 |  635.0 |
               +--------+--------+--------+--------+--------+-----+--------+

Top non-repeatable levels by time:
     D:2: 757 daAuts
     D:1: 731 daAuts
     D:3: 416 daAuts
